 Dungeon Crawl Stone Soup version 0.31-b1-22-gc680215f68 (webtiles) character file.

Game seed: 14826357991082627770

1601708 Hi5aMiFi the Conqueror (level 26, 266/266 HPs)
             Began as a Minotaur Berserker on Jan 18, 2024.
             Was a High Priest of Trog.
             Escaped with the Orb
             ... and 3 runes on Jan 19, 2024!
             The game lasted 07:39:42 (76587 turns).

Hi5aMiFi the Conqueror (Minotaur Berserker)        Turns: 76587, Time: 07:39:43

Health: 266/266    AC: 56    Str: 35    XL:     26   Next: 66%
Magic:  22/22      EV:  9    Int:  8    God:    Trog [*****.]
Gold:   1726       SH: 37    Dex:  5    Spells: 25/25 levels left

rFire   + + +        L - +12 trident of the Vine {heavy, rElec rPois}
rCold   + + .        y - +10 tower shield of Ignorance {rN+ Int-4}
rNeg    + + +        m - +12 gold dragon scales
rPois   +            s - +1 hat of Reason {SInv}
rElec   +            D - +2 cloak {rCorr}
rCorr   +            k - +2 pair of gloves {Str+3}
SInv    +            H - +2 pair of boots "Ceczydo" {Int+6}
Will    ++++.        S - amulet "Foef" {Reflect rN+ Int+2 Dex-5 Slay+3 SH+5} Stlth
                     v - ring of Ref Duo {rF+ rC+ rN+++ Will+++ Int-2}
HPRegen 0.64/turn    a - ring of Joth {rF++ AC+4}
MPRegen 0.18/turn

%: reflection
@: hasted, very quick
A: horns 2, retaliatory headbutt, inhibited regeneration, persistent drain
0: Orb of Zot
}: 3/15 runes: serpentine, barnacled, silver
a: Renounce Religion, Berserk, Trog's Hand, Brothers in Arms


You escaped.
You worshipped Trog.
Trog was extremely pleased with you.
You visited 9 branches of the dungeon, and saw 47 of its levels.
You visited 1 bazaar.
You also visited: Gauntlet, Ice Cave, Wizlab and Desolation.

You collected 9168 gold pieces.
You spent 7442 gold pieces at shops.

Inventory:

Hand Weapons
 n - a +9 heavy demon trident
 L - the +12 trident of the Vine (weapon) {heavy, rElec rPois}
   (Trog gifted it to you on level 1 of the Elven Halls)

   rElec:     It insulates you from electricity.
   rPois:     It protects you from poison
Missiles
 i - 9 javelins
 N - 19 boomerangs (quivered)
 R - 11 throwing nets
 Y - 23 silver javelins
Armour
 k - a +2 pair of gloves of strength (worn)
 m - +12 gold dragon scales (worn)
 s - the +1 hat of Reason (worn) {SInv}
   (You acquired it on level 3 of the Snake Pit)

   SInv:      It lets you see invisible.
 t - the +0 pair of gloves of the King of the Hill {Will- rCorr Slay+2}
   (You found it in the Desolation of Salt)

   Slay+2:    It affects your accuracy & damage with ranged weapons and melee
   (+2).
   Will-:     It decreases your willpower.
   rCorr:     It protects you from acid and corrosion.
 x - a +2 cloak of willpower
 y - the +10 tower shield of Ignorance (worn) {rN+ Int-4}
   (You found it on level 2 of the Snake Pit)

   Int-4:     It affects your intelligence (-4).
   rN+:       It protects you from negative energy.
 D - a +2 cloak of preservation (worn)
 H - the +2 pair of boots "Ceczydo" (worn) {Int+6}
   (You found it on level 15 of the Dungeon)

   Int+6:     It affects your intelligence (+6).
Jewellery
 a - the ring of Joth (right hand) {rF++ AC+4}
   (You bought it in a shop in a bazaar)

   [ring of protection]

   AC+4:      It affects your AC (+4).
   rF++:      It greatly protects you from fire.
 b - the ring "Oduadar" {rF+ rN+ Str+3 Int+2}
   (You bought it in a shop in a bazaar)

   [ring of positive energy]

   Str+3:     It affects your strength (+3).
   Int+2:     It affects your intelligence (+2).
   rF+:       It protects you from fire.
   rN+:       It protects you from negative energy.
 e - the ring "Fiarch" {Will+ Str+6}
   (You bought it in a shop in a bazaar)

   [ring of strength]

   Str+6:     It affects your strength (+6).
   Will+:     It increases your willpower.
 v - the ring of Ref Duo (left hand) {rF+ rC+ rN+++ Will+++ Int-2}
   (You acquired it in a wizard's laboratory)

   [ring of protection from fire]

   Int-2:     It affects your intelligence (-2).
   rF+:       It protects you from fire.
   rC+:       It protects you from cold.
   rN+++:     It renders you almost immune to negative energy.
   Will+++:   It greatly increases your willpower.
 z - the ring "Dain Zea" {*Slow rPois rF+ Str+6 Int+2}
   (You took it off a deep elf high priest on level 5 of the Vaults)

   [ring of strength]

   Str+6:     It affects your strength (+6).
   Int+2:     It affects your intelligence (+2).
   rF+:       It protects you from fire.
   rPois:     It protects you from poison *Slow: It may slow you when you take
   damage.
 F - the amulet of Mirth {rElec rF- rN+ Regen+}
   (You took it off an arcanist on level 1 of the Vaults)

   [amulet of regeneration]

   rF-:       It makes you vulnerable to fire.
   rElec:     It insulates you from electricity.
   rN+:       It protects you from negative energy.
   Regen+:    It increases your rate of health regeneration.
 S - the amulet "Foef" (around neck) {Reflect rN+ Int+2 Dex-5 Slay+3 SH+5}
   (You took it off a spriggan air mage on level 4 of the Depths)

   [amulet of reflection]

   Reflect:   It reflects blocked missile attacks.
   Int+2:     It affects your intelligence (+2).
   Dex-5:     It affects your dexterity (-5).
   Slay+3:    It affects your accuracy & damage with ranged weapons and melee
   (+3).
   rN+:       It protects you from negative energy.
   SH+5:      It affects your SH (+5).
 Z - a ring of protection from cold
Wands
 f - a wand of roots (32)
 E - a wand of digging (13)
 I - a wand of paralysis (18)
 M - a wand of acid (28)
Scrolls
 g - 6 scrolls of blinking
 h - 17 scrolls of teleportation
 o - 6 scrolls of fog
 p - 2 scrolls of silence
 r - 2 scrolls of vulnerability
 u - 2 scrolls of summoning
 P - 7 scrolls of poison
 U - 5 scrolls of fear
 V - 8 scrolls of immolation
 X - a scroll of revelation
Potions
 c - 24 potions of curing
 d - 8 potions of heal wounds
 l - 4 potions of might
 w - 3 potions of attraction
 A - 5 potions of lignification
 B - 3 potions of resistance
 C - 7 potions of enlightenment
 G - 3 potions of haste
 O - 5 potions of invisibility
 Q - 3 potions of cancellation
 T - 4 potions of ambrosia
 W - 6 potions of mutation
Miscellaneous
 j - a phantom mirror
 q - a sack of spiders
 J - a phial of floods (inert)
 K - a tin of tremorstones (2/2)


   Skills:
 O Level 27 Fighting
 - Level 7.0 Maces & Flails
 + Level 21.5 Polearms
 - Level 20.0 Throwing
 O Level 27 Armour
 - Level 2.1 Dodging
 O Level 27 Shields
 - Level 15.0 Evocations


You had 25 spell levels left.
You didn't know any spells.
Your spell library was empty.

Dungeon Overview and Level Annotations

Branches:
Dungeon (15/15)            Temple (0/1) D:7            Lair (5/5) D:8
 Shoals (4/4) Lair:3        Snake (4/4) Lair:3        Slime (0/5) Lair:5
    Orc (2/2) D:11            Elf (3/3) Orc:2        Vaults (5/5) D:14
  Crypt (0/3) Vaults:2     Depths (4/4) D:15            Zot (5/5) Depths:4
  IceCv (visited)          WizLab (visited)         Desolation (visited)
Gauntlet (visited)

Altars:
Ashenzari
Cheibriados
Elyvilon
Fedhas
Gozag
Hepliaklqana
Makhleb
Okawaru
Ru
Sif Muna
Uskayaw
Wu Jian
Zin
The Shining One
Lugonu

Shops:
D:13 *   Orc:1 [*   Orc:2 :?*   Elf:1 ?*(([:   Elf:3 ?   Shoals:2 (   Snake:4 (
Depths:1 [*

Portals:
Hell: Depths:1 Depths:2 Depths:3 Depths:4
Abyss: Lair:5 Depths:3 Depths:4
Pandemonium: Depths:2 Depths:3
Ziggurat: Depths:1

Annotations:
Zot:4 2 transporters


Innate Abilities, Weirdness & Mutations

You have a pair of horns on your head.
You reflexively headbutt those who attack you in melee.
You do not regenerate when monsters are visible.
Your health recovers twice as slowly from being drained.


Message History

The green death moves out of view.
A Hell Sentinel comes into view.
The Hell Sentinel roars!
The green death gestures at you.
The blast of poison engulfs you but does no damage.
You resist.
There is an escape hatch in the ceiling here.
A mysterious force pulls you upwards. The hatch slams shut behind you.
Unknown command.
You feel yourself speed up.
Aiming: Dig
Press: ? - help, Shift-Dir - straight line A rock wall.
This square is covered in magical glow.
The rock shatters into small pieces.
Blink to where?
Press: ? - help, Dir - move target
As you read the scroll of blinking, it crumbles to dust.
There is a stone staircase leading up here.
You climb upwards.
There is a stone staircase leading down here.
Blink to where?
Press: ? - help, Dir - move target
As you read the scroll of blinking, it crumbles to dust.
Aiming: Dig
Press: ? - help, Shift-Dir - straight line This square is covered in magical glow.
The rock shatters into small pieces.
Blink to where?
Press: ? - help, Dir - move target
As you read the scroll of blinking, it crumbles to dust.
Aiming: Dig
Press: ? - help, Shift-Dir - straight line Some shallow water.
This square is covered in magical glow.
The rock shatters into small pieces.
Blink to where?
Press: ? - help, Dir - move target
As you read the scroll of blinking, it crumbles to dust.
You have escaped!

###..........#.#...#.....#.....#
.........................####.###
####......##....####.##.#........
..........................###.###
####.....###..##########..#......
.##........#..#≈~~#~#~.+..#......
..#.####......#≈##~#~###....#.##.
..#.# ###.#...~~.~§~.....§......
..#.# #..).'~@#~#~~.#.##.#.#..
#.#.###########≈~~~###.#....#.#..
..#.#.......# #≈##~#.#.#.##...#..
###.#.#####.# #≈≈~~#...#.##.#.#..
#.#.#####.########'###.##....#.
#.#...........# ##.# #.###..§..
#.###########.###..# #.# ##.###
###.................## #.# #.#
................##.## #.# #.#


There were no monsters in sight!

Vanquished Creatures
  3 dread liches (Zot:5)
  4 orbs of fire (Zot:5)
  An ancient lich (Zot:5)
  Parghit (Zot:1)
  2 Killer Klowns (Zot:5)
  Margery (Vaults:5)
  4 curse toes
  10 golden dragons
  Nikola (Snake:1)
  A bone dragon (Depths:4)
  6 electric golems
  12 tentacled monstrosities
  A lich (Vaults:5)
  22 Orb Guardians
  Asterion (Elf:2)
  8 titans (Vaults:5)
  9 sphinxes
  4 deep elf blademasters
  A kraken (Shoals:3)
  8 quicksilver dragons
  4 deep elf master archers (Elf:3)
  A tentacled starspawn (WizLab)
  7 death cobs
  15 storm dragons
  8 shadow dragons
  Donald (Snake:1)
  9 tengu reavers
  6 protean progenitors
  Aizul (Snake:1)
  2 azure jellies (Lair:5)
  7 fire giants
  8 draconian knights
  5 nagarajas
  5 draconian monks
  The ghost of Glennnyy the Warrior, an adept GrFi of Fedhas (Shoals:3)
  2 draconian shifters (Zot:3)
  10 frost giants
  A balrug (Depths:2)
  3 iron dragons
  5 imperial myrmidons (Desolation)
  9 deep elf sorcerers
  2 angels (Vaults:2)
  3 orc warlords
  10 draconian scorchers
  3 deep elf elementalists (Elf:3)
  15 vault wardens
  2 ghost moths
  A spriggan defender (Depths:3)
  A demonspawn corrupter (WizLab)
  5 ironbound thunderhulks
  17 ironbound preservers
  2 draconian annihilators
  5 formless jellyfish
  30 very ugly things
  4 vampire knights
  The ghost of Yakesh the Fencer, a journeyman MiFi of Okawaru (D:15)
  A lorocyproca (Depths:3)
  20 stone giants
  6 deep elf death magi
  9 dire elephants
  4 deep elf annihilators
  2 bunyips (Zot:3)
  10 green draconians
  3 deep elf demonologists
  5 red draconians
  A halazid warlock (Desolation)
  3 war gargoyles
  10 spark wasps
  8 black draconians
  7 white draconians
  7 yellow draconians
  12 purple draconians
  9 ettins
  5 crystal guardians
  A green death (Depths:2)
  The ghost of Nubia the Covert, a journeyman GnEn (Lair:4)
  4 ragged hierophants (Desolation)
  7 merfolk javelineers
  3 fire dragons
  3 entropy weavers
  13 great orbs of eyes
  11 ice dragons
  Josephine (D:11)
  6 deep elf high priests
  Harold (D:9)
  7 merfolk impalers
  16 yaktaur captains
  5 servants of whispers (Desolation)
  A catoblepas (Lair:3)
  10 peacekeepers
  4 salamander tyrants
  32 vault guards
  6 hydras
  A rakshasa (Depths:2)
  5 spriggan air magi
  2 ogre magi
  2 merfolk avatars
  3 alligator snapping turtles
  4 boulder beetles
  7 ironbound frosthearts
  14 anacondas
  5 merfolk aquamancers
  2 radroaches (Zot:2)
  7 satyrs
  2 death knights (Vaults:2)
  12 centaur warriors
  30 dancing weapons
  10 naga warriors
  6 death yaks
  A deep troll shaman (Depths:1)
  11 two-headed ogres
  3 thrashing horrors (Lair:5)
  4 orc high priests
  7 tengu warriors
  2 spriggan berserkers
  A vampire mage (Depths:2)
  5 deep troll earth magi
  4 shock serpents
  5 hell knights
  11 occultists
  Sonja (D:10)
  9 skysharks
  21 deep elf knights
  8 naga sharpshooters
  A soul eater (Depths:2)
  4 iron trolls
  2 sixfirhies
  18 sea snakes
  A shining eye (shapeshifter) (Vaults:5)
  Lodul (D:11)
  2 shadow wraiths
  A salamander mystic (Snake:2)
  6 skeletal warriors
  55 deep trolls
  A mana viper (shapeshifter) (Vaults:1)
  A golden dragon zombie (Vaults:4)
  A spriggan druid (WizLab)
  2 glowing orange brains
  19 arcanists
  11 mana vipers
  3 orb spiders (shapeshifter)
  An obsidian statue (Snake:3)
  17 deep elf archers
  A glowing orange brain (shapeshifter) (Vaults:5)
  5 naga ritualists
  A kraken simulacrum (Shoals:4)
  6 phantasmal warriors
  12 harpies
  8 necromancers
  30 deep elf pyromancers
  3 large abominations
  14 orc knights
  18 ironbound convokers
  68 ugly things
  A faun (shapeshifter) (Depths:3)
  6 lindwurms
  2 oklob plants (Shoals:2)
  26 deep elf zephyrmancers
  12 fauns
  20 manticores
  A tengu zombie (Vaults:4)
  10 cyclopes
  17 salamanders
  6 orc sorcerers
  A worldbinder (WizLab)
  4 meliai
  6 elephants
  6 kobold blastminers
  An iron dragon skeleton (Vaults:4)
  24 moths of wrath
  18 naga magi
  49 black mambas
  14 guardian serpents
  An elf zombie (Vaults:4)
  9 merfolk sirens
  A gargoyle (D:12)
  13 cane toads
  A cane toad (shapeshifter) (D:15)
  5 torpor snails
  7 water nymphs
  A molten gargoyle (Desolation)
  21 vault sentinels
  2 unseen horrors
  A minotaur zombie (Gauntlet)
  A yaktaur (shapeshifter) (Lair:5)
  38 yaktaurs
  8 komodo dragons
  4 rime drakes
  A kobold demonologist (D:11)
  4 freezing wraiths
  A tengu simulacrum (Vaults:4)
  2 queen bees
  7 tengu conjurers
  A yaktaur skeleton (Vaults:4)
  A tarantella (shapeshifter) (WizLab)
  19 merfolk
  5 wind drakes
  A tarantella (Vaults:5)
  3 trolls
  2 tyrant leeches
  3 hornets
  4 polar bears
  A wind drake (shapeshifter) (Depths:3)
  A raiju (shapeshifter) (Elf:1)
  19 dream sheep
  13 snapping turtles
  47 saltlings (Desolation)
  37 blink frogs
  2 raiju (Lair:5)
  A dream sheep (shapeshifter) (Depths:4)
  4 centaur simulacra
  32 slime creatures
  A jumping spider (Vaults:5)
  A slime creature (shapeshifter) (Depths:1)
  A spriggan (shapeshifter) (Lair:5)
  9 small abominations (Lair:5)
  20 water elementals
  2 shadows
  Grum (D:11)
  3 vampires
  2 ynoxinuls (Lair:5)
  4 air elementals
  An elf simulacrum (Vaults:4)
  3 wyverns
  A yak (shapeshifter) (Lair:5)
  An ettin skeleton (Vaults:4)
  15 humans
  53 yaks
  7 wraiths
  2 spriggans
  5 golden eyes
  6 basilisks
  A fire bat (D:8)
  4 steam dragons
  4 wargs
  5 fire elementals
  10 vampire mosquitoes
  2 redbacks (Vaults:5)
  3 chaos spawn (Lair:5)
  Menkaure (D:5)
  3 death yak simulacra (Lair:4)
  46 nagas
  Edmund (D:6)
  A hydra simulacrum (Lair:4)
  3 swamp worms
  10 water moccasins
  2 acid dragons
  A hell hound (D:14)
  A meliai simulacrum (D:11)
  4 black bears
  21 orc warriors
  2 ice beasts
  15 wolves
  8 boggarts
  21 ogres
  A tengu (D:8)
  14 centaurs
  A crocodile (D:9)
  3 kobold brigands
  11 bullfrogs
  2 gnoll sergeants
  A scorpion (D:7)
  A cane toad simulacrum (Lair:4)
  An earth elemental (Elf:3)
  14 wights
  34 killer bees
  10 electric eels
  A torpor snail simulacrum (Lair:4)
  5 howler monkeys
  A lava snake (D:13)
  4 hounds
  2 bombardier beetles
  17 orc priests
  A jelly (D:5)
  A gnoll bouda (D:9)
  A sleepcap (D:5)
  Natasha (thrice) (D:2)
  An iguana (D:5)
  22 orc wizards
  11 adders
  13 gnolls
  5 white imps
  4 ufetubi (D:11)
  6 ribbon worms
  2 dart slugs (D:3)
  54 orcs
  4 bats
  6 endoplasms
  4 giant cockroaches
  3 goblins
  A hobgoblin (D:4)
  3 jackals (D:4)
  18 kobolds
  A quokka (D:4)
  5 ball pythons
  3 rats
  3 aspiring fleshes
  2 butterflies (D:7)
  A starspawn tentacle (WizLab)
2239 creatures vanquished.

Vanquished Creatures (collateral kills)
  2 ancient liches (Zot:5)
  A Killer Klown (Zot:4)
  Saint Roka (Orc:2)
  A hellephant (Vaults:5)
  4 Orb Guardians (Zot:5)
  2 shadow dragons (Zot:4)
  A nagaraja (WizLab)
  A draconian monk (Zot:4)
  4 protean progenitors
  2 emperor scorpions (Zot:5)
  2 demonspawn corrupters (WizLab)
  A red draconian (Zot:4)
  Azrael (D:14)
  2 white draconians
  2 purple draconians
  A minotaur (Gauntlet)
  A crystal guardian (Desolation)
  An entropy weaver (Zot:5)
  3 merfolk javelineers (Shoals:4)
  A deep elf high priest (Vaults:5)
  A ragged hierophant (Desolation)
  A hydra (Lair:3)
  A servant of whispers (Desolation)
  A boulder beetle (Zot:5)
  A merfolk avatar (Shoals:4)
  3 dancing weapons (Elf:2)
  A deep elf knight (Elf:2)
  2 hell knights (Vaults:5)
  A sea snake (Shoals:4)
  2 ironbound convokers (Desolation)
  2 deep elf zephyrmancers (Elf:2)
  2 deep elf pyromancers (Elf:2)
  A faun (Shoals:4)
  A moth of wrath (Zot:5)
  A manticore (Shoals:4)
  5 merfolk (Shoals:4)
  6 saltlings (Desolation)
  A wyvern (Lair:3)
  2 fire elementals (D:14)
  3 humans (D:14)
  A hell hound (D:14)
  An orc (Orc:2)
  A spectral weapon (Zot:4)
75 creatures vanquished.

Vanquished Creatures (others)
  2 draconian knights
  An entropy weaver (Zot:5)
  A deep elf knight (Elf:2)
  A mana viper (Snake:1)
  2 humans (Depths:3)
  An orc (Orc:2)
  50 spectral weapons
  3 starspawn tentacles (WizLab)
  15 tentacles
76 creatures vanquished.

Grand Total: 2390 creatures vanquished

Notes
Turn   | Place    | Note
-------+----------+-------------------------------------------
     0 | D:1      | Hi5aMiFi the Minotaur Berserker began the quest for the
                  | Orb.
     0 | D:1      | Reached XP level 1. HP: 19/19 MP: 0/0
   748 | D:1      | Reached XP level 2. HP: 27/27 MP: 1/1
  1048 | D:1      | Identified a scroll of acquirement
  1382 | D:2      | Noticed Natasha
  1417 | D:2      | Reached XP level 3. HP: 34/34 MP: 2/2
  2056 | D:3      | Reached ** piety under Trog
  2122 | D:3      | Found a broken altar of Ashenzari.
  2169 | D:3      | Reached skill level 5 in Fighting
  2423 | D:4      | Found a blossoming altar of Fedhas.
  2628 | D:4      | Reached skill level 1 in Polearms
  2631 | D:4      | Reached skill level 1 in Shields
  2631 | D:4      | Reached XP level 4. HP: 42/42 MP: 3/3
  2765 | D:4      | Found a glowing golden altar of the Shining One.
  2801 | D:4      | Reached skill level 1 in Evocations
  3010 | D:4      | Reached XP level 5. HP: 48/48 MP: 4/4
  3309 | D:5      | Entered Level 5 of the Dungeon
  3313 | D:5      | Noticed an ice beast
  3322 | D:5      | Killed an ice beast
  3351 | D:5      | Noticed an ogre
  3356 | D:5      | Killed an ogre
  3357 | D:5      | Reached XP level 6. HP: 56/56 MP: 5/5
  3412 | D:5      | Found a transporter.
  3563 | D:5      | Found a transporter.
  3625 | D:5      | Noticed Menkaure
  3843 | D:5      | Reached XP level 7. HP: 57/62 MP: 6/6
  3872 | D:6      | Noticed Edmund
  4115 | D:2      | Killed Natasha
  4428 | D:2      | Noticed Natasha
  4432 | D:2      | Killed Natasha
  4493 | D:2      | Noticed Natasha
  4497 | D:2      | Killed Natasha
  4708 | D:6      | Found a white marble altar of Elyvilon.
  4760 | D:6      | Reached *** piety under Trog
  4829 | D:6      | Killed Edmund
  4830 | D:6      | Reached skill level 5 in Polearms
  4830 | D:6      | Reached skill level 5 in Armour
  4885 | D:6      | Reached skill level 5 in Shields
  4991 | D:6      | Reached XP level 8. HP: 59/71 MP: 7/7
  5063 | D:6      | Found a hazy altar of Hepliaklqana.
  5266 | D:6      | Found an opulent altar of Gozag.
  5551 | D:5      | Found a sacrificial altar of Ru.
  5733 | D:5      | Killed Menkaure
  6085 | D:5      | Reached skill level 1 in Throwing
  6164 | D:7      | Reached skill level 5 in Maces & Flails
  6400 | D:7      | Reached XP level 9. HP: 79/79 MP: 8/8
  6518 | D:7      | Found a staircase to the Ecumenical Temple.
  6837 | D:7      | Found a snail-covered altar of Cheibriados.
  7079 | D:7      | Found a burning altar of Makhleb.
  7943 | D:8      | Found a staircase to the Lair.
  7998 | D:8      | Noticed an elephant
  8028 | D:8      | Killed an elephant
  8300 | D:8      | Reached XP level 10. HP: 88/88 MP: 9/9
  8550 | D:8      | Found a hide-covered altar of Uskayaw.
  8824 | D:9      | Noticed a cyclops
  8842 | D:9      | Killed a cyclops
  9222 | D:9      | Reached **** piety under Trog
  9310 | D:9      | Reached skill level 5 in Evocations
  9422 | D:9      | Reached skill level 10 in Polearms
 10119 | D:9      | Identified the staff "Rearuram" {rC+ rN+ Ice}
 10258 | D:9      | Noticed Harold
 10278 | D:9      | Killed Harold
 10320 | D:9      | Reached skill level 10 in Fighting
 10320 | D:9      | Reached skill level 10 in Armour
 11038 | D:10     | Entered Level 10 of the Dungeon
 11138 | D:10     | Noticed a two-headed ogre
 11144 | D:10     | Noticed a two-headed ogre
 11147 | D:10     | Killed a two-headed ogre
 11148 | D:10     | Reached XP level 11. HP: 101/101 MP: 10/10
 11151 | D:10     | Killed a two-headed ogre
 11172 | D:10     | Identified the +2 rapier of Ippem {flame, Int+2 SInv}
 11477 | D:10     | Noticed Sonja
 11482 | D:10     | Killed Sonja
 11878 | D:10     | Identified the +7 dagger "Geluh" {elec, rN+}
 12069 | D:10     | Noticed a two-headed ogre
 12077 | D:10     | Killed a two-headed ogre
 12281 | Lair:1   | Entered Level 1 of the Lair of Beasts
 12925 | Lair:1   | You fall into a shaft and drop 1 floor!
 13137 | Lair:2   | Reached XP level 12. HP: 109/115 MP: 11/11
 13424 | Lair:2   | Noticed an eight-headed hydra
 13435 | Lair:2   | Killed an eight-headed hydra
 13501 | Lair:1   | Found a hide-covered altar of Uskayaw.
 13502 | Lair:1   | Found an ornate altar of the Wu Jian Council.
 13518 | Lair:1   | Reached ***** piety under Trog
 13587 | Lair:1   | Noticed a boulder beetle
 13603 | Lair:1   | Killed a boulder beetle
 15947 | Lair:3   | Reached skill level 15 in Armour
 16048 | Lair:3   | Found a staircase to the Snake Pit.
 16728 | Lair:3   | Found a staircase to the Shoals.
 16968 | Lair:3   | Noticed an eight-headed hydra
 16971 | Lair:3   | Killed an eight-headed hydra
 16972 | Lair:3   | Reached XP level 13. HP: 125/125 MP: 12/12
 17101 | Lair:3   | Reached skill level 15 in Fighting
 17450 | Lair:4   | Found a runed translucent gate.
 17450 | Lair:4   | Found a runed translucent gate.
 17450 | Lair:4   | Found a runed translucent gate.
 18730 | Lair:4   | Reached skill level 5 in Throwing
 18779 | Lair:4   | Noticed Nubia's ghost (journeyman GnEn)
 18787 | Lair:5   | Entered Level 5 of the Lair of Beasts
 18829 | Lair:4   | Received a gift from Trog
 19242 | Lair:5   | Found a gate leading to a gauntlet.
 19256 | Gauntlet | Entered a Gauntlet
 19256 | Gauntlet | Found a transporter.
 19256 | Gauntlet | Found a transporter.
 19272 | Gauntlet | Found a transporter.
 19276 | Gauntlet | Found a transporter.
 19291 | Gauntlet | Found a transporter.
 19293 | Gauntlet | Found a transporter.
 19303 | Gauntlet | Found a transporter.
 19303 | Gauntlet | Noticed a blizzard demon
 19324 | Gauntlet | Found a transporter.
 19327 | Gauntlet | Found a transporter.
 19331 | Gauntlet | Found a transporter.
 19333 | Gauntlet | Found a runed translucent gate.
 19333 | Gauntlet | Found a runed translucent gate.
 19333 | Gauntlet | Found a runed translucent gate.
 19334 | Gauntlet | Found a large runed translucent door.
 19334 | Gauntlet | Found a large runed translucent door.
 19335 | Gauntlet | Found a large runed translucent door.
 19335 | Gauntlet | Found a large runed translucent door.
 19336 | Gauntlet | Found a large runed translucent door.
 19336 | Gauntlet | Found a large runed translucent door.
 19337 | Gauntlet | Found a large runed translucent door.
 19337 | Gauntlet | Found a large runed translucent door.
 19337 | Gauntlet | Found a runed translucent door.
 19337 | Gauntlet | Found a runed translucent door.
 19338 | Gauntlet | Found a large runed translucent door.
 19339 | Gauntlet | Found a large runed translucent door.
 19341 | Gauntlet | Found a transporter.
 19345 | Gauntlet | Found a transporter.
 19349 | Gauntlet | Found a large runed translucent door.
 19349 | Gauntlet | Found a large runed translucent door.
 19383 | Gauntlet | Found a large runed translucent door.
 19383 | Gauntlet | Found a large runed translucent door.
 19386 | Gauntlet | Found a large runed translucent door.
 19386 | Gauntlet | Found a large runed translucent door.
 19397 | Gauntlet | Noticed a green death
 19806 | Gauntlet | Identified the +7 plate armour of Conscience {Harm Will-
                  | Int+6 Slay+3}
 19806 | Gauntlet | Noticed a minotaur
 19809 | Gauntlet | Killed a minotaur
 19838 | Gauntlet | Acquired 918 gold pieces
 19858 | Lair:5   | Acquired a +2 demon trident of venom
 19975 | Lair:5   | Found a runed translucent door.
 19976 | Lair:5   | Noticed an azure jelly
 19992 | Lair:5   | Noticed an azure jelly
 19993 | Lair:5   | Found a staircase to the Slime Pits.
 20804 | Lair:5   | Reached XP level 14. HP: 137/137 MP: 13/13
 21349 | Lair:5   | Found a corrupted altar of Lugonu.
 21393 | Lair:5   | Found a one-way gate to the infinite horrors of the Abyss.
 21984 | D:11     | Noticed Grum
 21991 | D:11     | Killed Grum
 22010 | D:11     | Noticed Lodul
 22022 | D:11     | Killed Lodul
 22174 | D:11     | Noticed Josephine
 22186 | D:11     | Killed Josephine
 22262 | D:11     | Found a frozen archway.
 22310 | IceCv    | Entered an ice cave
 22602 | D:11     | Received a gift from Trog
 22640 | D:11     | Found a staircase to the Orcish Mines.
 23697 | D:12     | Identified the +1 long sword of Doom {chaos, *Slow rF+
                  | Str+5}
 24319 | D:13     | Found Amufil's General Store.
 24784 | D:13     | Reached XP level 15. HP: 140/150 MP: 14/14
 25880 | D:14     | Received a gift from Trog
 26067 | D:14     | Noticed Azrael
 26239 | D:14     | Killed Azrael
 26475 | D:14     | Found a gate to the Vaults.
 27235 | Orc:1    | Entered Level 1 of the Orcish Mines
 27559 | Shoals:1 | Entered Level 1 of the Shoals
 27571 | Shoals:1 | Reached skill level 10 in Shields
 27936 | Shoals:1 | Reached XP level 16. HP: 162/162 MP: 15/15
 28194 | Shoals:1 | Identified the +3 hand axe "Osua" {flame, Will++ Dex+3}
 28235 | Shoals:1 | Reached ****** piety under Trog
 28969 | Shoals:2 | Received a gift from Trog
 29621 | Shoals:2 | Found Xiogast's Weapon Shop.
 31766 | Shoals:3 | Received a gift from Trog
 32084 | Shoals:3 | Found a transporter.
 32088 | Shoals:3 | Found a transporter.
 32089 | Shoals:3 | Noticed Glennnyy's ghost (adept GrFi)
 32089 | Shoals:3 | Noticed a kraken
 32693 | Shoals:4 | Entered Level 4 of the Shoals
 32918 | Shoals:4 | Found the +3 salamander hide armour {Flames, rFlCloud rF++
                  | rC--}
 33704 | Shoals:4 | Reached XP level 17. HP: 170/170 MP: 16/16
 33995 | Shoals:4 | Reached skill level 15 in Shields
 34072 | Shoals:4 | Got a barnacled rune of Zot
 34878 | Orc:2    | Entered Level 2 of the Orcish Mines
 34940 | Orc:1    | Found Oreluru's Antique Armour Shoppe.
 35050 | Orc:1    | Reached skill level 10 in Throwing
 35108 | Orc:1    | Found Gumif's CLEARANCE SALE!.
 35118 | Orc:1    | Bought a potion of heal wounds for 20 gold pieces
 35118 | Orc:1    | Bought the scarf of Otiec Vaj {+Inv, Will+} for 90 gold
                  | pieces
 35171 | Orc:1    | You fall into a shaft and drop 1 floor!
 35171 | Orc:2    | Found a staircase to the Elven Halls.
 35578 | Orc:2    | Noticed Saint Roka
 35596 | Orc:2    | Killed Saint Roka
 36010 | Orc:2    | Received a gift from Trog
 36545 | Orc:2    | Found Akhlupt's Magic Scroll Emporium.
 36545 | Orc:2    | Found Dook's Book Boutique.
 36547 | Orc:2    | Found Huttoss's Assorted Antiques.
 36547 | Orc:2    | Found Keyq Syr's Armour Boutique.
 36563 | Orc:2    | Bought a scroll of enchant weapon for 105 gold pieces
 36563 | Orc:2    | Bought a scroll of blinking for 105 gold pieces
 36563 | Orc:2    | Bought a scroll of identify for 28 gold pieces
 36563 | Orc:2    | Bought a scroll of fear for 56 gold pieces
 36563 | Orc:2    | Bought a scroll of revelation for 105 gold pieces
 36565 | Orc:2    | Bought 2 scrolls of poison for 112 gold pieces
 36567 | Orc:2    | Bought a glowing cloak for 247 gold pieces
 36567 | Orc:2    | Bought a potion of heal wounds for 165 gold pieces
 36584 | Orc:2    | Bought a scroll of vulnerability for 132 gold pieces
 36679 | Orc:1    | Bought a bloodstained ring mail for 333 gold pieces
 36679 | Orc:1    | Identified the +2 ring mail of the Ferocious Grue {rPois
                  | rC- Str+7} (You bought it in a shop on level 1 of the
                  | Orcish Mines)
 36839 | Snake:1  | Entered Level 1 of the Snake Pit
 36947 | Snake:1  | Noticed Nikola
 36959 | Snake:1  | Killed Nikola
 37211 | Snake:1  | Received a gift from Trog
 37681 | Snake:1  | Identified the serpent talisman "Loewe" {rC++}
 37681 | Snake:1  | Noticed Aizul
 37705 | Snake:1  | Killed Aizul
 38922 | Snake:2  | Reached XP level 18. HP: 180/180 MP: 17/17
 39621 | Snake:2  | Found the +10 tower shield of Ignorance {rN+ Int-4}
 40601 | Snake:3  | Received a gift from Trog
 40671 | Snake:3  | Acquired the +1 hat of Reason {SInv}
 40947 | Snake:3  | Found a gateway to a bazaar.
 40990 | Bazaar   | Entered a bazaar
 40990 | Bazaar   | Found Juehoaqe's General Store.
 41000 | Bazaar   | Found Nuocecle's Distillery.
 41012 | Bazaar   | Found Muplazihoa's Jewellery Emporium.
 41023 | Bazaar   | Found Wetuorch's Antique Weapon Shop.
 41031 | Bazaar   | Found Muheups's Antique Armour Shop.
 41050 | Bazaar   | Bought the ring of Joth {rF++ AC+4} for 968 gold pieces
 41068 | Bazaar   | Bought the ring "Oduadar" {rF+ rN+ Str+3 Int+2} for 489
                  | gold pieces
 41068 | Bazaar   | Bought the ring "Fiarch" {Will+ Str+6} for 534 gold pieces
 41082 | Bazaar   | Bought a potion of heal wounds for 55 gold pieces
 41082 | Bazaar   | Bought a potion of heal wounds for 55 gold pieces
 41082 | Bazaar   | Bought 2 potions of might for 88 gold pieces
 41082 | Bazaar   | Bought a potion of curing for 33 gold pieces
 41104 | Snake:4  | Entered Level 4 of the Snake Pit
 41855 | Snake:4  | Found Besiolad's Antique Weapon Emporium.
 43123 | Snake:4  | Got a serpentine rune of Zot
 43223 | Snake:1  | Noticed Donald
 43230 | Snake:1  | Killed Donald
 43507 | D:15     | Entered Level 15 of the Dungeon
 43569 | D:15     | Found a transporter.
 43704 | D:15     | Noticed Yakesh's ghost (journeyman MiFi)
 43705 | D:15     | Found a transporter.
 44174 | D:15     | Found a staircase to the Depths.
 44465 | D:15     | Reached skill level 15 in Throwing
 44465 | D:15     | Reached XP level 19. HP: 189/189 MP: 18/18
 44619 | D:15     | Killed Yakesh's ghost
 44659 | D:15     | Identified the +2 pair of boots "Ceczydo" {Int+6}
 45147 | Elf:1    | Entered Level 1 of the Elven Halls
 45244 | Elf:1    | Found Ekoashrack's Assorted Antiques.
 45286 | Elf:1    | Found Ytolarec's Weapon Emporium.
 45339 | Elf:1    | Identified the +12 trident of the Vine {heavy, rElec rPois}
                  | (Trog gifted it to you on level 1 of the Elven Halls)
 45339 | Elf:1    | Received a gift from Trog
 45407 | Elf:1    | Found Kamuynka's Antique Weapon Shop.
 45417 | Elf:1    | Found Omnoewn's Magic Scroll Emporium.
 45438 | Elf:1    | Bought a scroll of enchant armour for 150 gold pieces
 45460 | Elf:1    | Found Wontoora's Antique Armour Emporium.
 45592 | Elf:1    | Found Wogy's Book Emporium.
 46079 | Elf:2    | Received a gift from Trog
 46322 | Elf:2    | Found a runed translucent gate.
 46323 | Elf:2    | Found a runed translucent gate.
 46323 | Elf:2    | Found a runed translucent gate.
 46518 | Elf:2    | Noticed Asterion
 46532 | Elf:2    | Received a gift from Trog
 46533 | Elf:2    | Killed Asterion
 46955 | Elf:2    | Identified the blade talisman of Servitude {Str+7}
 47012 | Elf:3    | Entered Level 3 of the Elven Halls
 47044 | Elf:3    | Paralysed by an air elemental for 1 turns
 47538 | Elf:3    | Received a gift from Trog
 47549 | Elf:3    | Found Mothritz's Magic Scroll Emporium.
 47658 | Elf:3    | Paralysed by an air elemental for 1 turns
 47740 | Elf:3    | Reached XP level 20. HP: 200/201 MP: 19/19
 47832 | Elf:3    | Received a gift from Trog
 48405 | Elf:3    | Found the +8 longbow "Zephyr" {speed, Dex+3 SInv}
 48734 | Vaults:1 | Entered Level 1 of the Vaults
 49682 | Vaults:1 | Identified the +7 demon trident "Mucamumi" {flame, Will+}
                  | (Trog gifted it to you on level 1 of the Vaults)
 49682 | Vaults:1 | Received a gift from Trog
 49737 | Vaults:1 | Identified the amulet of Mirth {rElec rF- rN+ Regen+}
 49752 | Vaults:1 | Reached skill level 10 in Evocations
 50021 | Vaults:2 | Found a crumbling gateway.
 50041 | Vaults:2 | Found a glowing golden altar of the Shining One.
 50041 | Vaults:2 | Found a glowing silver altar of Zin.
 50041 | Vaults:2 | Found a white marble altar of Elyvilon.
 50056 | Desolati | Entered the Desolation of Salt
 50278 | Desolati | Received a gift from Trog
 50288 | Desolati | Found the +8 orange crystal plate armour {Archmagi, Int+3
                  | Clar}
 50408 | Desolati | Reached XP level 21. HP: 122/216 MP: 20/20
 50754 | Desolati | Identified the ring "Uskid" {Str+6 Stlth+}
 50757 | Desolati | Identified the +0 pair of gloves of the King of the Hill
                  | {Will- rCorr Slay+2}
 50768 | Desolati | Identified the +6 falchion "Hell-Harrower" {spect, rCorr
                  | Int-4 Dex+4}
 50878 | Desolati | Identified the +0 plate armour of Subjectivity {rPois Int+8
                  | Dex-2}
 51120 | Vaults:2 | Acquired 889 gold pieces
 51487 | Elf:1    | Bought a manual of Shields for 1360 gold pieces
 52478 | Elf:3    | Bought a scroll of enchant weapon for 75 gold pieces
 52558 | Elf:1    | Bought a scroll of enchant weapon for 150 gold pieces
 52558 | Elf:1    | Bought a scroll of enchant weapon for 150 gold pieces
 52560 | Elf:1    | Bought a scroll of enchant weapon for 150 gold pieces
 53176 | Vaults:2 | Found a staircase to the Crypt.
 54010 | Vaults:3 | Received a gift from Trog
 55047 | Vaults:3 | Found a shimmering blue altar of Sif Muna.
 55582 | Vaults:4 | Received a gift from Trog
 55586 | Vaults:4 | Reached XP level 22. HP: 228/228 MP: 21/21
 56153 | Vaults:4 | Identified the +3 hand axe "Nonlaqog" {freeze, rC- Will+
                  | SInv}
 56221 | Vaults:4 | Received a gift from Trog
 57046 | Lair:4   | Killed Nubia's ghost
 57278 | Shoals:3 | Killed Glennnyy's ghost
 57295 | Shoals:3 | Identified the ring of Gozag's Hope {Wiz +Blink Will+}
 57608 | Depths:1 | Entered Level 1 of the Depths
 57670 | Depths:1 | Received a gift from Trog
 58011 | Elf:1    | Bought a diamond ring for 180 gold pieces
 58424 | Depths:1 | Found a gateway to Hell.
 58483 | Depths:1 | Found Epoibues's Antique Armour Shop.
 58559 | Depths:1 | Found Utonuicw's General Store.
 58639 | Depths:1 | Found a one-way gateway to a ziggurat.
 59502 | Depths:2 | Received a gift from Trog
 59698 | Depths:2 | Identified the +10 dire flail "Jaischi" {antimagic, rF+
                  | rCorr Int-2}
 59725 | Depths:2 | Found a magical portal.
 59734 | WizLab   | Entered Alistair's Party Mansion
 59792 | WizLab   | Reached XP level 23. HP: 229/239 MP: 22/22
 59987 | WizLab   | Reached skill level 27 in Fighting
 60025 | WizLab   | Received a gift from Trog
 60250 | WizLab   | Acquired the ring of Ref Duo {rF+ rC+ rN+++ Will+++ Int-2}
 60291 | WizLab   | Reached skill level 27 in Shields
 60797 | Depths:2 | Found a one-way gate leading to the halls of Pandemonium.
 60846 | Depths:2 | Identified the +0 orcbow of Resourcefulness {freeze, rElec
                  | rF+ SInv}
 62024 | Depths:1 | Bought a spiked plate armour for 812 gold pieces
 62024 | Depths:1 | Identified the +8 plate armour "Ylef" {Dex+3} (You bought
                  | it in a shop on level 1 of the Depths)
 62217 | Depths:3 | Received a gift from Trog
 62402 | Depths:4 | Entered Level 4 of the Depths
 62589 | Depths:4 | Identified the amulet "Foef" {Reflect rN+ Int+2 Dex-5
                  | Slay+3 SH+5}
 63076 | Depths:4 | Found an iron altar of Okawaru.
 63440 | Depths:4 | Received a gift from Trog
 63636 | Depths:4 | Found a gate to the Realm of Zot.
 63963 | Vaults:5 | Entered Level 5 of the Vaults
 64133 | Vaults:5 | Identified the +9 halberd of Volamn {vamp, Str-3 Int+7
                  | Dex+5}
 64198 | Vaults:5 | Reached XP level 24. HP: 157/249 MP: 22/22
 64434 | Vaults:5 | Identified the ring "Dain Zea" {*Slow rPois rF+ Str+6
                  | Int+2}
 64436 | Vaults:5 | Received a gift from Trog
 64623 | Vaults:5 | Noticed Margery
 64629 | Vaults:5 | Killed Margery
 64635 | Vaults:5 | Reached skill level 27 in Armour
 65087 | Vaults:5 | Received a gift from Trog
 65226 | Vaults:5 | Identified the +1 shortbow of Hubris {heavy, Fly rElec rC++
                  | SInv}
 65478 | Vaults:5 | Reached skill level 15 in Polearms
 65913 | Vaults:5 | Got a silver rune of Zot
 65924 | Vaults:5 | Received a gift from Trog
 66617 | Elf:1    | Bought a pair of runed boots for 277 gold pieces
 66693 | Elf:3    | Bought a scroll of fog for 40 gold pieces
 66865 | Orc:2    | Bought a scroll of immolation for 56 gold pieces
 66971 | Elf:1    | Bought a potion of enlightenment for 180 gold pieces
 67215 | Depths:1 | Bought a wand of acid (1) for 67 gold pieces
 67839 | Zot:1    | Entered Level 1 of the Realm of Zot
 68821 | Zot:1    | Reached XP level 25. HP: 204/257 MP: 22/22
 68912 | Zot:1    | Noticed Parghit
 68921 | Zot:1    | Killed Parghit
 69644 | Elf:3    | Bought a scroll of enchant armour for 75 gold pieces
 70263 | Zot:1    | Received a gift from Trog
 70391 | Zot:2    | Identified the +0 robe of Gozag, Muttering {rC+ Stlth+}
 71018 | Zot:1    | Gained mutation: Your health recovers twice as slowly from
                  | being drained. [mutagenic glow]
 71967 | Zot:3    | Identified the ring "Tovag" {rPois rF+ rN+ Stlth-}
 72996 | Zot:4    | Noticed a Killer Klown
 73016 | Zot:4    | Killed a Killer Klown
 73017 | Zot:4    | Received a gift from Trog
 73352 | Zot:4    | Found a transporter.
 73878 | Zot:4    | Found a transporter.
 73985 | Zot:5    | Entered Level 5 of the Realm of Zot
 74742 | Zot:5    | Noticed an ancient lich
 74747 | Zot:5    | Killed an ancient lich
 74748 | Zot:5    | Reached XP level 26. HP: 235/266 MP: 22/22
 74751 | Zot:5    | Noticed a dread lich
 74751 | Zot:5    | Noticed an orb of fire
 74766 | Zot:5    | Killed a dread lich
 74776 | Zot:5    | Killed an orb of fire
 74943 | Zot:5    | Noticed an orb of fire
 74945 | Zot:5    | Gained mutation: You do not regenerate when monsters are
                  | visible. [an orb of fire]
 74954 | Zot:5    | Killed an orb of fire
 74977 | Zot:5    | Received a gift from Trog
 75195 | Zot:5    | Noticed an orb of fire
 75212 | Zot:5    | Killed an orb of fire
 75371 | Zot:5    | Noticed an ancient lich
 75377 | Zot:5    | Killed an ancient lich
 75382 | Zot:5    | Noticed an ancient lich
 75396 | Zot:5    | Killed an ancient lich
 75554 | Zot:5    | Noticed a dread lich
 75559 | Zot:5    | Killed a dread lich
 75618 | Zot:5    | Reached skill level 15 in Evocations
 75620 | Zot:5    | Noticed an orb of fire
 75631 | Zot:5    | Killed an orb of fire
 75903 | Zot:5    | Noticed a dread lich
 75913 | Zot:5    | Killed a dread lich
 76180 | Zot:5    | Got the Orb of Zot
 76448 | D:12     | Noticed Lyitil the pandemonium lord
 76587 | D:$      | Escaped with the Orb!

Illustrated notes

Levels and vault maps discovered:
D:1:      ncdulo_wetmaze, layout_basic
D:2:      layout_basic, uniq_natasha
D:3:      layout_rooms, ashenzari_conservatory_becter, serial_bayou_pond_d
D:4:      layout_loops_corners, nicolae_tso_carved_into_rock,
          nicolae_overflow_crystal_walls
D:5:      gammafunk_steamed_eel, layout_loops_ring, kennysheep_mini_moat,
          uniq_menkaure
D:6:      layout_rooms, mainiacjoe_overflow_24_doors,
          mainiacjoe_overflow_alcove_2, marbit_many_paths,
          kennysheep_small_circle, uniq_edmund
D:7:      layout_basic, mainiacjoe_overflow_chevrons, kennysheep_mini,
          minmay_temple_entry_butterflies
D:8:      layout_basic, mainiacjoe_overflow_concentric_impassable,
          david_lair_generic, nicolae_concentric_dashed_squares_wild
D:9:      layout_long_grid, serial_bayou, serial_bayou_shore_a,
          serial_bayou_pond_d, serial_bayou_lake_a, serial_bayou_pond_a,
          st_stairs_11, minivault_21, chequers_serial_rivers_micro_e,
          lemuel_flame_loot_1, uniq_harold
D:10:     wander_river, layout_stronghold, serial_glass, glass_columns_b,
          glass_columns_a, kennysheep_small_square, uniq_sonja
D:11:     layout_basic, david_orc_1_choice, serial_ice, serial_ice_e,
          serial_ice_i, serial_ice_d, serial_ice_m, serial_ice_g, serial_ice_o,
          serial_ice_b, serial_ice_f, portal_ice_cave_entry_pillars_1,
          uniq_lodul, uniq_grum, uniq_josephine
D:12:     layout_loops_corners
D:13:     layout_basic, serial_shops, nicolae_take_the_stairs
D:14:     layout_loops_ring, grunt_vaults_entry_tiered,
          minmay_tree_intersection, special_room [special_room_bee], uniq_azrael
D:15:     hangedman_depths_entry_civil_slaughter, layout_basic,
          gammafunk_ghost_hive, skrybe_limestone_x
Lair:1:   layout_chaotic_city, nzn_masters_of_martial_movement,
          grunt_megastairs_5, lemuel_fruit_tree
Lair:2:   layout_chaotic_city, minivault_26, worms_lemuel,
          infiniplex_staircase_pool_2
Lair:3:   layout_cave_pods, elwin_shoals_entry_rocks,
          guppyfry_snake_entry_garden, hangedman_lair_generics_rect
Lair:4:   layout_gridlike, gammafunk_ghost_necromancy
Lair:5:   hellmonk_lair_end_abyssal_woods, layout_cave_pods, slime_entry_2,
          gauntlet_entry_generic, grunt_megastairs_2, infiniplex_staircase_pool
Shoals:1: layout_shoals
Shoals:2: layout_shoals, serial_shops, shop, nicolae_shoals_this_corrosion
Shoals:3: layout_shoals, ebering_ghost_davey_jones, ldierk_geyser,
          nicolae_shoals_circle_sea_wall
Shoals:4: shoals_end_grunt_ice, layout_shoals
Snake:1:  layout_misc_corridors, grunt_ministairs_4, uniq_aizul, uniq_donald,
          uniq_nikola
Snake:2:  minmay_snake_river, layout_onion_interference
Snake:3:  layout_grid_shapes, serial_shops, statue_bzr
Snake:4:  hellmonk_snake_rune_quicksilver_temple, layout_cave_town,
          serial_shops, shop
Orc:1:    layout_caves, serial_shops, nicolae_shop_competitors_out_of_business,
          nicolae_shop_clearance
Orc:2:    grunt_orc_tribal_feast, layout_diamond_mine, uniq_saint_roka
Elf:1:    elf_arrival_001, layout_gridlike, serial_shops,
          nicolae_lakefront_shop, nicolae_shop_peninsula, shop, shop,
          minmay_elf_crystal_heptagon, minmay_shop_star
Elf:2:    nicolae_elf_blades_crystal_corner, layout_geoelf_grid,
          nicolae_elf_glass_and_crystal_pillar_1, uniq_asterion
Elf:3:    minmay_elf_hall, layout_geoelf_octagon, serial_shops, shop_fountains,
          hex_intersection, grunt_ministairs_8, minmay_misc_feat_pillars,
          minivault_11
Vaults:1: ontoclasm_vaults_hangar, nicolae_vaults_diffraction_hallways,
          nicolae_vaults_diamond_1, hangedman_vaults_hat,
          nicolae_vaults_little_squares_6, nicolae_vaults_more_shelving_1,
          vaults_room_door_hall, vaults_mumra_chevron_long,
          nicolae_vaults_yaktaur_gun_rack, vaults_room_large_hall,
          ontoclasm_vaults_pinch, nicolae_vaults_heart-shaped_vault,
          grunt_vaults_diagonal, nicolae_vaults_door_testing_chamber,
          layout_vaults_big_cross
Vaults:2: portal_desolation_entry_holy_temple, nicolae_vaults_puzzle_piece,
          v_misc_33, v_alt_pattern_1, vaults_room_fancy_cross,
          vaults_room_door_ring, hangedman_vaults_stagger,
          blue_anna_dwarven_crypt, hangedman_vaults_corner_blocks,
          nicolae_vaults_sightless_eye, minmay_orc_keep,
          nicolae_vaults_octothorpe, dpeg_vaults_monster_box,
          vaults_room_semicircle, nicolae_vaults_house_1,
          vaults_room_guarded_vault, layout_vaults_ring
Vaults:3: v_misc_10, grunt_vaults_bifocal, vaults_dpeg_emergency_exit,
          nicolae_vaults_tangram_2, serial_library_hellmonk_narrow_alcove,
          v_misc_30, vaults_mumra_lcd, vaults_room_glass_cross,
          nicolae_vaults_bisected_slash, nicolae_vaults_tetromino_L_1,
          layout_vaults_omnigrid
Vaults:4: nicolae_vaults_tangram_2, v_misc_27, v_pattern_1,
          nicolae_vaults_storage_closets_1, v_misc_28, hangedman_vaults_cutoff,
          ontoclasm_vaults_ring_large, ontoclasm_vaults_spin,
          nicolae_vaults_murderbox, nicolae_vaults_house_3,
          nicolae_vaults_little_squares_5, ontoclasm_vaults_idyll,
          layout_vaults_omnibox
Vaults:5: uniq_margery
Depths:1: minmay_the_grid_net [minmay_the_grid_all_tris, minmay_the_grid_tree,
          minmay_the_grid_minigrid_medium, minmay_the_grid_broken_lines,
          minmay_the_grid_armoury, minmay_the_grid_prize_four_corners],
          layout_cave_shapes, enter_ziggurat_f, serial_bayou,
          serial_bayou_pond_d, serial_bayou_pond_e, serial_bayou_pond_c,
          serial_bayou_crossing, hell_entry, nicolae_tricolors, minmay_shoptagon
Depths:2: minmay_angry_zag, layout_cave_shapes, serial_bayou_pond_a,
          infiniplex_enter_wizlab_spiral, pf_coc_iceberg, rand_demon_pan_entry_5
Depths:3: dreamdust_experimentation, layout_basic, grunt_hell_entry_dis_mu,
          abyss_entry, grunt_pan_entry_in_and_out,
          minmay_staircase_windowed_large
Depths:4: evilmike_zot_entry_hall, layout_gridlike, abyss_entry, hex_medium,
          hell_entry, hangedman_abyss_or_decor_lesser_grid, okawaru_gym_becter,
          serial_bayou_shore_b
Zot:1:    layout_twisted_circle, uniq_parghit, uniq_josephina
Zot:2:    layout_misc_corridors, regret_index_zotdec_plus
Zot:3:    layout_onion, regret_index_zotdec_glowing_original
Zot:4:    gammafunk_dig_for_victory, layout_onion_interference
Zot:5:    layout_gridlike, nicolae_tricolors

Skill      XL: |  1  2  3  4  5  6  7  8  9 10 11 12 13 14 15 16 17 18 19 20 21 22 23 24 25 26 |
---------------+-------------------------------------------------------------------------------+-----
Fighting       | 4 5 6 7 8 10 13 14 16 18 20 21 22 24 25 26 27 | 27.0
Armour         | 3 4 5 7 8 10 12 15 17 18 20 21 22 25 27 | 27.0
Polearms       | 1 3 5 7 9 10 12 14 16 19 21 | 21.5
Shields        | 1 2 3 5 10 14 15 17 18 23 26 27 | 27.0
Evocations     | 1 2 3 4 5 6 7 8 10 11 12 15 | 15.0
Maces & Flails | 5 6 7 |  7.0
Throwing       | 2 5 8 12 15 16 17 19 20 | 20.0
Dodging        | |  2.1

Action                     |  1- 3 |  4- 6 |  7- 9 | 10-12 | 13-15 | 16-18 | 19-21 | 22-24 | 25-27 || total
---------------------------+-------+-------+-------+-------+-------+-------+-------+-------+-------++-------
  Melee: Mace              |    49 |       |       |       |       |       |       |       |       ||    49
         Headbutt          |     9 |     7 |    23 |   151 |   244 |   192 |   184 |   338 |   176 ||  1324
         Flail             |    24 |    16 |    30 |    17 |       |       |       |       |       ||    87
         Punch             |     1 |       |       |       |       |       |       |       |       ||     1
         Spear             |       |    39 |   237 |   835 |   395 |       |       |       |       ||  1506
         Demon trident     |       |       |       |       |   817 |  1410 |   455 |  1020 |       ||  3702
         Trident           |       |       |       |       |       |       |   626 |   604 |   769 ||  1999
  Throw: Stone             |     1 |     7 |    12 |     6 |       |       |       |       |       ||    26
         Dart              |    15 |     7 |    13 |    62 |    31 |     2 |       |       |       ||   130
         Javelin           |     1 |    10 |     2 |     5 |     2 |       |    19 |       |    21 ||    60
         Boomerang         |       |       |       |    15 |    17 |   138 |    48 |    59 |    33 ||   310
         Throwing net      |       |       |       |     2 |       |       |       |       |       ||     2
 Invoke: Berserk           |     1 |       |       |       |     1 |       |       |       |       ||     2
         Trog's Hand       |       |       |     5 |     3 |     5 |     5 |    16 |     7 |       ||    41
         Brothers in Arms  |       |       |       |       |     3 |     6 |     3 |     2 |     4 ||    18
  Evoke: Wand              |       |     6 |    21 |    38 |     9 |    20 |    10 |     1 |    40 ||   145
         Phantom mirror    |       |       |       |     1 |     1 |       |       |     1 |     1 ||     4
         Sack of spiders   |       |       |       |       |     1 |       |     1 |       |       ||     2
         Lightning rod     |       |       |       |       |       |       |     1 |       |       ||     1
         Phial of floods   |       |       |       |       |       |       |     1 |     1 |     1 ||     3
         Tin of tremorston |       |       |       |       |       |       |       |       |     2 ||     2
    Use: Scroll            |     8 |     2 |     2 |    16 |    16 |    18 |    15 |     7 |    26 ||   110
         Potion            |       |       |     1 |     4 |     2 |    14 |     4 |     8 |    14 ||    47
   Stab: Paralysed         |       |       |     6 |    17 |     2 |       |     4 |       |     6 ||    35
         Petrified         |       |       |       |       |     7 |       |       |       |       ||     7
         Invisible         |       |       |       |       |     5 |     1 |       |       |     2 ||     8
         Distracted        |       |       |       |       |     1 |     1 |     4 |    14 |     1 ||    21
         Held in net/web   |       |       |       |       |       |     2 |       |       |       ||     2
 Armour: Chain mail        |    35 |    27 |   161 |   305 |   129 |       |       |       |       ||   657
         Ring mail         |     1 |       |       |       |       |       |       |       |       ||     1
         Skin              |       |       |     4 |       |       |       |       |     5 |    19 ||    28
         Plate armour      |       |       |       |       |   282 |   375 |   150 |       |       ||   807
         Crystal plate arm |       |       |       |       |       |       |   134 |   409 |       ||   543
         Gold dragon scale |       |       |       |       |       |       |       |       |   399 ||   399
  Dodge: Dodged            |    29 |    21 |    55 |   127 |   186 |    94 |    89 |    84 |   115 ||   800
  Block: Buckler           |       |       |    40 |   114 |   189 |       |       |       |       ||   343
         Reflection        |       |       |       |       |    23 |   154 |   101 |    32 |    13 ||   323
         Kite shield       |       |       |       |       |   144 |   319 |       |       |       ||   463
         Tower shield      |       |       |       |       |       |   370 |   888 |  1132 |   924 ||  3314
